 Dungeon Crawl Stone Soup version 0.31.0-32-g396128a36d (webtiles) character file.

Game seed: 11489348919323946183

1337 Ijustatesigmund the Trooper (level 8, 0/76 (88) HPs)
             Began as an Oni Conjurer on Mar 8, 2024.
             Was a Believer of Cheibriados.
             Slain by a wight
             ... wielding a +5 scimitar
              (8 damage)
             ... on level 6 of the Dungeon.
             The game lasted 00:16:18 (7413 turns).

Ijustatesigmund the Trooper (Oni Conjurer)          Turns: 7413, Time: 00:16:19

HP:   0/76 (88)     AC:  6    Str: 16    XL:     8   Next: 61%
MP:   10/16         EV: 10    Int: 25    God:    Cheibriados [**....]
Gold: 52            SH:  0    Dex: 11    Spells: 11/18 levels left

rFire   . . .        i - +2 flail (protect)
rCold   . . .        (no shield)
rNeg    . . .        a - +0 robe
rPois   .            (helmet restricted)
rElec   .            d - +2 cloak
rCorr   .            (gloves unavailable)
SInv    .            (boots unavailable)
Will    .....        (no amulet)
Stlth   ++           (no ring)
HPRegen 0.32/turn    (no ring)
MPRegen 0.15/turn

%: no passive effects
@: very slightly contaminated, heavily drained, very slow
A: large, unfitting armour, horns 1, tough skin 1, double potion healing,
drunken brawling
a: Renounce Religion, Bend Time


You were on level 6 of the Dungeon.
You worshipped Cheibriados.
Cheibriados was pleased with you.
You visited 2 branches of the dungeon, and saw 7 of its levels.

You collected 251 gold pieces.
You spent 199 gold pieces at shops.

Inventory:

Hand Weapons
 g - a +0 morningstar
 i - a +2 flail of protection (weapon)
Missiles
 h - a throwing net
Armour
 a - a +0 robe (worn)
 d - a +2 cloak (worn)
Scrolls
 c - 2 scrolls of fog
 e - 5 scrolls of identify
 f - a scroll of poison
 j - a scroll of vulnerability
 l - 2 scrolls of blinking
 n - 3 scrolls of teleportation
 o - 2 scrolls of revelation
 p - a scroll of enchant weapon {unknown}
Potions
 b - a potion of magic
 k - a potion of resistance {unknown}
 m - a potion of enlightenment
 q - a potion of attraction {unknown}
 r - a potion of ambrosia {unknown}


   Skills:
 + Level 7.6 Fighting
 + Level 4.8 Maces & Flails
 - Level 1.7 Dodging
 - Level 1.4 Stealth
 + Level 5.6 Spellcasting
 - Level 3.7 Conjurations
 + Level 3.2 Translocations
 + Level 2.5 Invocations


You had 11 spell levels left.
You knew the following spells:

 Your Spells              Type           Power      Damage    Failure   Level
a - Magic Dart            Conj           100%       1d8       1%          1
b - Searing Ray           Conj           50%        2d6       2%          2
c - Iskenderun's Mystic   Conj/Tloc      24%        2d7       19%         4

Your spell library contained the following spells:

 Spells                   Type           Power      Damage    Failure   Level
 Sting                    Conj/Alch      64%        1d7       3%          1
 Summon Small Mammal      Summ           28%        N/A       8%          1
 Call Imp                 Summ           14%        N/A       12%         2
 Ensorcelled Hibernation  Hex/Ice        14%        N/A       12%         2
 Jinxbite                 Hex            14%        N/A       12%         2
 Mercury Vapours          Alch/Air       14%        N/A       12%         2
 Sublimation of Blood     Necr           7%         N/A       12%         2
 Call Canine Familiar     Summ           7%         N/A       24%         3
 Fugue of the Fallen      Necr           7%         N/A       24%         3
 Fulminant Prism          Conj/Alch      8%         3d7       34%         4
 Anguish                  Hex/Necr       3%         N/A       61%         4
 Olgreb's Toxic Radiance  Alch           7%         N/A       61%         4
 Summon Blazeheart Golem  Fire/Summ      7%         N/A       61%         4
 Yara's Violent Unravell  Hex/Alch       3%         3d4       91%         5
 Enfeeble                 Hex            3%         N/A       100%        7
 Summon Hydra             Summ           3%         N/A       100%        7


Dungeon Overview and Level Annotations

Branches:
Dungeon (6/15)             Temple (1/1) D:4

Altars:
Ashenzari
Cheibriados
Dithmenos
Fedhas
Gozag
Hepliaklqana
Kikubaaqudgha
Makhleb
Nemelex Xobeh
Okawaru
Qazlal
Sif Muna
Trog
Uskayaw
Wu Jian
Xom
Yredelemnul

Shops:
D:2 !   D:4 ?:(?


Innate Abilities, Weirdness & Mutations

You are too large for most types of armour.
You have a pair of small horns on your head.
You have tough skin. (AC +1)
You gain doubled healing and magic from potions.
Whenever you drink a healing potion, you attack all around you.


Message History

Aim: a wight, wielding a +5 scimitar and wearing a +0 robe (dormant, 100% to hit)
The magic dart hits the wight.
The wight is lightly damaged.
The wight hits you with a +5 scimitar!
You hit the wight.
Your weapon exudes an aura of protection.
Your headbutt misses the wight.
The wight is lightly damaged.
The wight hits you with a +5 scimitar!
You closely miss the wight.
The wight is lightly damaged.
The wight hits you with a +5 scimitar!
You feel drained.
You closely miss the wight. Your headbutt misses the wight.
The wight is lightly damaged.
The wight hits you with a +5 scimitar.
You feel drained. The wight hits you with a +5 scimitar!
You feel drained.
You are too injured to fight recklessly!
You are too injured to fight recklessly!
You are too injured to fight recklessly!
You are too injured to fight recklessly!
You are too injured to fight recklessly!
You are too injured to fight recklessly!
Casting: Magic Dart (safe; 1% risk of failure)
Confirm with . or Enter, or press ? or * to list all spells.
Aiming: Searing Ray (safe; 2% risk of failure)
Press: ? - help, Shift-Dir - straight line, f/p - wight
Aim: a wight, wielding a +5 scimitar and wearing a +0 robe (lightly damaged, 79% to hit)
The searing ray hits the wight.
The wight is moderately damaged. (Press . to maintain the ray.)
The wight hits you with a +5 scimitar!
* * * LOW HITPOINT WARNING * * *
Casting: Searing Ray (safe; 2% risk of failure)
Confirm with . or Enter, or press ? or * to list all spells.
You miscast Iskenderun's Mystic Blast.
You are very lightly contaminated with residual magic.
Sparks fly from your hands!
* * * LOW HITPOINT WARNING * * *
The wight hits you with a +5 scimitar!
You die...

#..##........## #..## #
...#..........## #...########
.....##.....#..#####..........##
.##..........#....###.....##...##
...............#.#############..#
...............#...# #...
................##.## ##..
...##.......###..##.# #..
#...........# #.@#### ###
#..........## #.z### #..........#
##..[# ............ #..)## .
.[...##..# . ...## #.).. . #..
....... . #. #.....## . #
.......#


You could see a wight.

Vanquished Creatures
  Pikel (D:4)
  A kobold brigand (D:6)
  2 scorpions
  2 wights (D:6)
  A bombardier beetle (D:4)
  2 hounds
  An orc priest (D:3)
  A gnoll bouda (D:4)
  A sleepcap (D:6)
  An iguana (D:5)
  An orc wizard (D:3)
  Robin (D:4)
  19 gnolls
  5 adders
  A shadow imp (D:6)
  A white imp (D:6)
  A ribbon worm (D:3)
  20 orcs
  8 endoplasms
  5 giant cockroaches
  20 goblins
  8 hobgoblins
  8 jackals
  12 kobolds
  10 ball pythons
  6 bats
  6 rats
145 creatures vanquished.

Notes
Turn   | Place    | Note
-------+----------+-------------------------------------------
     0 | D:1      | Ijustatesigmund the Oni Conjurer began the quest for the
                  | Orb.
     0 | D:1      | Reached XP level 1. HP: 16/16 MP: 3/3
   141 | D:1      | Reached skill level 1 in Fighting
   160 | D:1      | Reached XP level 2. HP: 24/27 MP: 2/5
   171 | D:1      | Learned a level 2 spell: Searing Ray
   263 | D:1      | Reached skill level 2 in Fighting
   572 | D:1      | Reached skill level 3 in Fighting
   572 | D:1      | Reached XP level 3. HP: 37/37 MP: 3/6
  1347 | D:2      | Found a faded altar of an unknown god.
  1666 | D:2      | Reached XP level 4. HP: 45/45 MP: 6/8
  1755 | D:2      | Found Ruryet's Distillery.
  1973 | D:2      | Bought 2 potions of curing for 84 gold pieces
  2037 | D:3      | Reached skill level 1 in Maces & Flails
  2272 | D:3      | Learned a level 4 spell: Iskenderun's Mystic Blast
  2328 | D:3      | Reached skill level 4 in Fighting
  2603 | D:3      | Reached skill level 1 in Translocations
  2667 | D:3      | Reached XP level 5. HP: 54/54 MP: 2/9
  3070 | D:4      | Reached skill level 5 in Fighting
  3080 | D:3      | HP: 1/57 [gnoll/+0 flail[a gnoll bouda] (5)]
  3082 | D:3      | Reached XP level 6. HP: 2/66 MP: 1/10
  3585 | D:4      | Noticed Pikel
  3604 | D:4      | HP: 2/66 [Pikel/+2 whip of freezing (4)]
  3605 | D:4      | Killed Pikel
  3606 | D:4      | Reached skill level 6 in Fighting
  3606 | D:4      | Reached XP level 7. HP: 2/76 MP: 2/13
  3970 | D:4      | Found Ycout's Book Emporium.
  4209 | D:4      | Found a shimmering altar of Xom.
  4334 | D:4      | Reached skill level 7 in Fighting
  4338 | D:4      | Reached XP level 8. HP: 32/87 MP: 1/15
  4500 | D:4      | Found a staircase to the Ecumenical Temple.
  4508 | Temple   | Entered the Ecumenical Temple
  4518 | Temple   | Became a worshipper of Cheibriados the Contemplative
  4626 | D:4      | Noticed Robin
  4746 | D:3      | Reached skill level 5 in Spellcasting
  4914 | D:4      | Killed Robin
  4994 | D:4      | Reached * piety under Cheibriados
  4995 | D:4      | Found Hane's Magic Scroll Emporium.
  5167 | D:4      | Found Faawkeunk's Antique Weapon Boutique.
  5268 | D:4      | Found Nalud's Magic Scroll Emporium.
  5272 | D:4      | Bought a scroll of revelation for 82 gold pieces
  5272 | D:4      | Bought a scroll of teleportation for 33 gold pieces
  5365 | D:5      | Entered Level 5 of the Dungeon
  5388 | D:5      | Reached skill level 1 in Invocations
  6846 | D:6      | Reached ** piety under Cheibriados
  7413 | D:6      | Slain by a wight

Illustrated notes

Levels and vault maps discovered:
D:1:      kennysheep_arrival_forest, layout_basic
D:2:      layout_rooms, basic_ecumenical_altar, serial_shops,
          nicolae_shop_statue_plus, eino_curves_02
D:3:      layout_rooms, eino_curves_03
D:4:      layout_loops_cross, marbit_many_paths, minmay_temple_entry_junction,
          serial_shops, nicolae_take_the_stairs, nicolae_square_shop,
          nicolae_shop_trees, nicolae_book_shop_shelving, serial_glass,
          glass_columns_b, glass_columns_b, glass_columns_a, glass_columns_a,
          glass_columns_a, uniq_pikel, uniq_robin
D:5:      layout_gridville
D:6:      layout_layer_cave
Temple:   nicolae_temple_bog_church

Skill      XL: |  1  2  3  4  5  6  7  8 |
---------------+-------------------------+-----
Fighting       | 1 3 4 5 6 7 |  7.6
Spellcasting   | 3 4 5 |  5.6
Maces & Flails | 1 3 4 |  4.8
Translocations | 1 2 3 |  3.2
Invocations    | 2 |  2.5
Dodging        | |  1.7
Stealth        | |  1.4
Conjurations   | |  3.7

Action                     |  1- 3 |  4- 6 |  7- 9 || total
---------------------------+-------+-------+-------++-------
  Melee: Unarmed           |    50 |       |       ||    50
         Headbutt          |     5 |     6 |    18 ||    29
         Whip              |       |     9 |       ||     9
         Club              |       |     4 |       ||     4
         Morningstar       |       |    34 |       ||    34
         Punch             |       |     1 |       ||     1
         Flail             |       |    12 |   130 ||   142
   Cast: Magic Dart        |    74 |    50 |    73 ||   197
         Searing Ray       |       |     4 |     6 ||    10
         Iskenderun's Myst |       |     1 |       ||     1
    Use: Scroll            |       |     3 |     4 ||     7
         Potion            |       |     2 |       ||     2
 Armour: Robe              |    57 |    73 |   153 ||   283
  Dodge: Dodged            |    30 |    54 |    71 ||   155
